 Dungeon Crawl Stone Soup version 0.28-b1-25-g9875b3fc8c (webtiles) character file.

Game seed: 3789134036521689497

60 crazypyro the Chopper (level 3, 0/29 HPs)
             Began as a Demonspawn Berserker on Feb 1, 2022.
             Was a Believer of Trog.
             Succumbed to an adder's poison
             ... on level 2 of the Dungeon.
             The game lasted 00:01:54 (1210 turns).

crazypyro the Chopper (Demonspawn Berserker)        Turns: 1210, Time: 00:01:55

Health: 0/29       AC:  6    Str: 18 (19) XL:     3   Next: 82%
Magic:  3/3        EV:  7    Int:  5 (8)  God:    Trog [**....]
Gold:   54         SH:  0    Dex:  9 (12) Spells: 2/2 levels left

rFire   . . .      SeeInvis +   a - +0 hand axe
rCold   . . .      Faith    .   (no shield)
rNeg    . . .      Spirit   .   h - +0 scale mail
rPois   .          Reflect  .   (no helmet)
rElec   +          Harm     .   (no cloak)
rCorr   .          Rampage  .   (no gloves)
Will    .....                   (no boots)
Stlth   ..........              (no amulet)
HPRegen 0.00/turn               d - ring of see invisible
MPRegen 0.08/turn               (no ring)

@: brilliant, lethally poisoned (0 -> -2), inhibited regen, hasted, constricted,
very quick
A: powered by death 2, electricity resistance, inhibited regeneration
a: Renounce Religion, Berserk, Trog's Hand


You were on level 2 of the Dungeon.
You worshipped Trog.
Trog was pleased with you.
You visited 1 branch of the dungeon, and saw 2 of its levels.

You collected 54 gold pieces.

Inventory:

Hand Weapons
 a - a +0 hand axe (weapon)
Armour
 b - a +0 animal skin
 h - a +0 scale mail (worn)
Jewellery
 d - a ring of see invisible (left hand)
Scrolls
 c - 2 scrolls of noise {unknown}
 f - a scroll of fear {unknown}
 g - 4 scrolls of identify {unknown}


   Skills:
 - Level 3.3 Fighting
 * Level 3.5 Axes
 - Level 2.2 Armour
 - Level 2.2 Dodging


You had 2 spell levels left.
You didn't know any spells.
Your spell library was empty.

Dungeon Overview and Level Annotations

Branches:
Dungeon (2/15)

Altars:
Vehumet


Innate Abilities, Weirdness & Mutations

You regenerate health from kills.
You are resistant to electric shocks. (rElec)
You do not regenerate when monsters are visible.


Message History

An adder and an endoplasm come into view.
The adder hisses angrily.
The endoplasm quivers.
You barely miss the adder. The adder bites you.
You are poisoned.
The adder poisons you!
The endoplasm hits you but does no damage.
The adder bites you.
You are more poisoned.
The adder poisons you!
You feel very sick.
A ball python comes into view.
You feel sick.
You feel sick.
You closely miss the adder.
You feel sick.
The adder bites you but does no damage. x2
You miss the adder.
You feel sick. The adder bites you.
* * * LOW HITPOINT WARNING * * *
The adder bites you but does no damage.
It was a potion of haste.
You feel yourself speed up.
You feel sick. The ball python barely misses you.
The ball python closely misses you. The adder bites you but does no damage.
It was a potion of mutation.
You feel extremely strange.
Your regeneration stops near monsters.
You feel insulated. The ball python bites you.
* * * LOW HITPOINT WARNING * * *
The ball python grabs you. The ball python constricts you.
The adder barely misses you.
It was a potion of brilliance.
You feel clever all of a sudden.
* * * LOW HITPOINT WARNING * * *
You feel sick. The ball python bites you.
* * * LOW HITPOINT WARNING * * *
The ball python constricts you.
* * * LOW HITPOINT WARNING * * *
The adder bites you but does no damage.
It was a potion of degeneration.
There was something very wrong with that liquid.
You feel weakened.
You feel dopey.
You feel clumsy.
You die...

#.#.........#..
###.....##.##.....
....###.#...#.###.
#.#.#..........:#.
#...###.#...#.###.
#.......##.##..†.)
#.##.#.........#).
#S##.....#.#......
#@####.#.#.#.#.... #S#
#...###......
########J####............
.................#.......
.................(.......
..............###........
########.###### #.....
#.# ..... #.. ...<


You could see an adder, an endoplasm and a ball python.

Vanquished Creatures
  An adder (D:2)
  A worm (D:2)
  A dart slug (D:1)
  7 bats
  3 endoplasms
  7 giant cockroaches (D:1)
  6 goblins
  3 hobgoblins
  2 ball pythons (D:2)
  5 frilled lizards (D:1)
  5 kobolds
  5 rats
46 creatures vanquished.

Notes
Turn   | Place    | Note
-------+----------+-------------------------------------------
     0 | D:1      | crazypyro the Demonspawn Berserker began the quest for the
                  | Orb.
     0 | D:1      | Reached XP level 1. HP: 18/18 MP: 1/1
   211 | D:1      | Gained mutation: You regenerate a little health from kills.
                  | [demonic ancestry]
   211 | D:1      | Reached XP level 2. HP: 24/24 MP: 2/2
   507 | D:1      | Found a faded altar of an unknown god.
   628 | D:1      | Gained mutation: You regenerate health from kills. [demonic
                  | ancestry]
   628 | D:1      | Reached XP level 3. HP: 29/29 MP: 3/3
   641 | D:1      | Reached ** piety under Trog
   861 | D:2      | Found a radiant altar of Vehumet.
  1208 | D:2      | Gained mutation: You do not regenerate when monsters are
                  | visible. [potion of mutation]
  1208 | D:2      | Gained mutation: You are resistant to electric shocks.
                  | (rElec) [potion of mutation]
  1209 | D:2      | HP: 1/29 [constriction (1)]
  1210 | D:2      | Succumbed to an adder's poison

Illustrated notes

Levels and vault maps discovered:
D:1:      amcnicky_arrival_blooded_trapdoor, layout_loops_cross,
          ebering_ecumenical_altar_ruins, minmay_worlds_worst_comb
D:2:      layout_basic, basic_altar, grunt_ministairs_6,
          minmay_fractal_squares_5

Skill      XL: |  1  2 |
---------------+-------+-----
Dodging        | 2 |  2.2
Armour         | 2 |  2.2
Axes           | 3 |  3.5
Fighting       | |  3.3

Action                   || total
-------------------------++-------
Melee: Hand axe          ||   120
  Use: Potion            ||     4
 Stab: Sleeping          ||     2
Armor: Animal skin       ||    18
       Scale mail        ||    31
Dodge: Dodged            ||    92
